 Dungeon Crawl Stone Soup version 0.17.2-1-ge4368a0 (webtiles) character file.

42 rlgrobin the Insei (level 3, -11/29 HPs)
             Began as a Mummy Monk on May 2, 2017.
             Mangled by a gnoll
             ... wielding a +1 dagger of electrocution
              (19 damage)
             ... on level 1 of the Dungeon.
             The game lasted 00:02:31 (2291 turns).

rlgrobin the Insei (Mummy Monk)                     Turns: 2291, Time: 00:02:31

Health: -11/29     AC:  0    Str: 14    XL:     3   Next: 33%
Magic:  3/3        EV: 13    Int:  9    God:
Gold:   71         SH:  0    Dex: 15    Spells: 0 memorised, 2 levels left

rFire  x . .     SeeInvis .       - Unarmed
rCold  + . .     Clarity  .     (no armour)
rNeg   + + +     SustAt   .     (no shield)
rPois  ∞         Gourm    .     (no helmet)
rElec  .         Spirit   .     (no cloak)
rCorr  .         Warding  .     (no gloves)
rMut   .         Stasis   .     (no boots)
MR     .....                    (no amulet)
Stlth  ++........               (no ring)
                                (no ring)

@: not resistant to hostile enchantments, unstealthy
A: no food or potions, fire vulnerability, cold resistance 1, negative energy
resistance 3, torment resistance, unbreathing
a: no special abilities


You were on level 1 of the Dungeon.
You were not hungry.

You visited 1 branch of the dungeon, and saw 2 of its levels.

You collected 71 gold pieces.


Innate Abilities, Weirdness & Mutations

You do not eat or drink.
Your flesh is vulnerable to fire.
You are immune to poison.
Your flesh is cold resistant.
You are immune to negative energy.
You are immune to unholy pain and torment.
You can survive without breathing.


   Skills:
 - Level 3.0 Fighting
 - Level 2.4 Dodging
 - Level 1.5 Stealth
 + Level 4.2 Unarmed Combat


You had 2 spell levels left.
You didn't know any spells.

Inventory:

Scrolls
 a - 3 scrolls of identify {unknown}
 b - a scroll of magic mapping {unknown}

Dungeon Overview and Level Annotations

Branches:
Dungeon (2/15)

Altars:
Vehumet

.....▒......▒............▒ ▒....▒
.....▒....(.▒.▒▒▒........▒ ▒....▒
>....▒......▒.▒ ▒........▒ ▒.....
............▒.▒ ▒........▒▒▒▒.▒▒▒
▒▒▒▒▒▒▒▒▒.▒.▒.▒ ▒▒'▒.....▒▒......
▒.▒.▒.▒▒▒▒.▒.....▒▒.▒.▒▒▒ ▒▒▒▒
▒▒▒+▒......▒.▒.....'..▒...▒ ...▒
▒.....)......▒....÷▒▒▒▒▒▒.▒
▒▒.▒▒▒▒.....▒..gM..▒............▒
▒....▒.....▒▒▒▒▒▒▒▒......▒▒▒▒▒▒.
▒▒▒....▒▒.▒..........▒▒'▒.▒ ▒.
........▒.▒▒▒▒▒▒▒▒▒▒▒▒▒.▒.▒ ▒.
▒▒......▒...............▒.▒ ▒†
▒......▒▒▒▒▒▒▒▒▒▒▒▒▒▒▒▒▒.▒ ▒.
▒......▒ ▒.▒ ▒. ▒......▒
▒▒▒▒▒▒'▒▒ ▒▒ ▒......▒ ▒....(..▒


You could see a gnoll.


Message History

Unknown command!
The gnoll closely misses you!
There is a stone staircase leading up here!
The gnoll hits you with a dagger of electrocution!
You climb upwards!
There is a stone staircase leading down here!
You take 4 damage, and have 20/29 hp!
Unknown command!
Unknown command!
Unknown command!
You pummel the gnoll but do no damage! The gnoll misses you!
You beat the gnoll but do no damage!
The gnoll hits you with a dagger of electrocution!
You take 3 damage, and have 17/29 hp!
You pummel the gnoll but do no damage! The gnoll closely misses you!
You barely miss the gnoll!
The gnoll hits you with a dagger of electrocution!
You take 1 damage, and have 16/29 hp!
You barely miss the gnoll! The gnoll barely misses you!
You pummel the gnoll like a punching bag!
The gnoll is heavily wounded!
The gnoll hits you with a dagger of electrocution!
You take 1 damage, and have 15/29 hp!
You closely miss the gnoll!
The gnoll is heavily wounded!
The gnoll hits you with a dagger of electrocution!!! * * * don't die
* * * You are electrocuted!!!
DANG rip

Action                   || total
-------------------------++-------
Melee: Unarmed           ||   129
 Stab: Sleeping          ||     5
       Distracted        ||     1

Vault maps used:
D:1:      minmay_arrival_hallway
D:2:      vehumet_crystals, first_bread

Notes
Turn   | Place    | Note
--------------------------------------------------------------
     0 | D:1      | rlgrobin the Mummy Monk began the quest for the Orb.
     0 | D:1      | Reached XP level 1. HP: 18/18 MP: 1/1
   415 | D:1      | Reached XP level 2. HP: 22/24 MP: 2/2
  1038 | D:1      | You fall through a shaft!
  1043 | D:2      | Found a radiant altar of Vehumet.
  1079 | D:2      | Reached skill level 4 in Unarmed Combat
  1838 | D:1      | Reached XP level 3. HP: 29/29 MP: 3/3
  2291 | D:1      | Mangled by a gnoll

Vanquished Creatures
  2 worms (D:2)
  A giant gecko (D:1)
  7 bats
  3 giant cockroaches (D:1)
  2 hobgoblins
  3 kobolds
  A quokka (D:2)
  2 giant newts
  3 goblins (D:1)
  5 jackals
  4 rats (D:1)
33 creatures vanquished.
